 Dungeon Crawl Stone Soup version 0.31-a0-182-gc5ef74bbde (webtiles) character file.

Game seed: 4851060287583801231

1248 qw the Chopper (level 8, 0/49 HPs)
             Began as a Gargoyle Fighter on June 20, 2023.
             Was a Follower of Okawaru.
             Slain by a gnoll
             ... wielding a +0 flail
             ... led by a gnoll sergeant
              (7 damage)
             ... on level 6 of the Dungeon.
             The game lasted 00:02:36 (5134 turns).

qw the Chopper (Gargoyle Fighter)                   Turns: 5134, Time: 00:02:36

Health: 0/49       AC: 24    Str: 21    XL:     8   Next: 50%
Magic:  8/10       EV:  8    Int: 10    God:    Okawaru [*.....]
Gold:   227        SH:  5    Dex:  9    Spells: 7/7 levels left

rFire   . . .        Y - +2 war axe
rCold   . . .        c - +0 buckler
rNeg    + . .        g - +0 plate armour
rPois   inf          n - +0 helmet
rElec   +            (no cloak)
rCorr   .            (no gloves)
SInv    .            a - +1 pair of boots
Will    .....        (no amulet) Stlth
                     (no ring)
HPRegen 0.28/turn    (no ring)
MPRegen 0.12/turn

%: no passive effects
@: about to teleport, heroic
A: sickness immunity, AC +5, negative energy resistance 1, electricity
resistance, torment resistance 1, petrification resistance
a: Renounce Religion, Heroism


You were on level 6 of the Dungeon.
You worshipped Okawaru.
Okawaru was aware of your devotion.
You visited 1 branch of the dungeon, and saw 6 of its levels.
You also visited: Ossuary.

You collected 297 gold pieces.
You spent 70 gold pieces at shops.


Innate Abilities, Weirdness & Mutations

You are immune to sickness and miasma.
Your stone body is resilient. (AC +5)
You are immune to poison.
You resist negative energy. (rN+)
You are resistant to electric shocks. (rElec)
You are resistant to unholy torment.
You are immune to petrification.


   Skills:
 - Level 5.2(10.2) Fighting
 + Level 7.0(12.0) Axes
 - Level 5.0(10.0) Armour
 - Level 1.0(6.0) Dodging
 - Level 3.2(8.2) Shields
 + Level 3.9 Invocations


You had 7 spell levels left.
You didn't know any spells.
Your spell library was empty.

Inventory:

Hand Weapons
 i - a -2 eveningstar
 Y - a +2 war axe (weapon)
Armour
 a - a +1 pair of boots (worn)
 c - a +0 buckler (worn)
 g - a +0 plate armour (worn)
 n - a +0 helmet (worn)
Scrolls
 f - a scroll of identify
Potions
 b - a potion of attraction
 d - 2 potions of might
 e - 3 potions of heal wounds
 h - 3 potions of curing
 l - a potion of mutation
 m - a potion of magic
 q - a potion of lignification

Dungeon Overview and Level Annotations

Branches:
Dungeon (6/15)            Ossuary (visited)
 Temple: D:4-7

Altars:
Makhleb
Okawaru
Ru
Vehumet

Shops:
D:4 *   D:5 :

Annotations:
D:3 3 runed translucent doors, qw's ghost, amateur NaHu


Message History

You barely miss the gnoll.
The gnoll is moderately wounded.
You hit the gnoll. You closely miss the gnoll. You barely miss the gnoll.
The gnoll closely misses you. The gnoll hits you but does no damage.
The gnoll completely misses you.
The gnoll hits you but does no damage. x2
The gnoll sergeant hits you but does no damage.
You completely miss the gnoll.
The gnoll is lightly wounded.
You slash the gnoll! You hit the gnoll. You slash the gnoll!
The gnoll closely misses you. You block the gnoll's attack.
The gnoll hits you with a +0 flail. You block the gnoll's attack.
The gnoll hits you with a +1 spear of venom.
The gnoll sergeant hits you but does no damage.
You barely miss the gnoll.
The gnoll is severely wounded.
You barely miss the gnoll. You slash the gnoll!
You kill the gnoll!
Okawaru accepts your kill.
You barely miss the gnoll. The gnoll hits you with a +0 flail.
The gnoll hits you but does no damage. The gnoll barely misses you.
The gnoll hits you with a +0 flail!
The gnoll sergeant hits you from afar with a +0 spear.
5132 ||| INVOKING Heroism.
You gain the combat prowess of a mighty hero.
The gnoll hits you but does no damage.
The gnoll hits you from afar with a +0 spear.
The gnoll hits you but does no damage. The gnoll barely misses you.
You block the gnoll sergeant's attack.
You barely miss the gnoll.
The gnoll is severely wounded.
You slash the gnoll! You completely miss the gnoll.
The gnoll hits you but does no damage. x2; You block the gnoll's attack.
The gnoll hits you with a +0 flail.
The gnoll sergeant hits you from afar with a +0 spear!
5134 ||| READING scroll of teleportation.
As you read the scroll of teleportation, it crumbles to dust.
You feel strangely unstable. The gnoll hits you but does no damage.
The gnoll barely misses you. The gnoll hits you with a +0 flail.
The gnoll hits you with a +0 flail!
You die...

..... #.... .#....#
.......## ...:....#
......g.### ##..gg)g.#
#....g@.# # ##.......# #8##
#........##8.).8
#........##.....
.........#>..... ..
........###..... ##..
######..###8...8 ####...##
##..#.### ##8##
..#......##.......#########


You could see a gnoll sergeant and 4 gnolls.

Vanquished Creatures
  Menkaure (D:5)
  An ice beast (D:5)
  A black bear (D:6)
  An ogre (D:4)
  A lemure (D:6)
  A scorpion (D:4)
  A centaur zombie (Ossuary)
  2 jellies
  4 hounds
  Jessica (D:3)
  2 sleepcaps
  Ijyb (D:4)
  2 orc wizards
  Natasha (thrice) (D:2)
  4 ogre zombies (Ossuary)
  7 mummies (Ossuary)
  A gnoll (D:6)
  8 adders
  An ufetubus (D:6)
  5 adder zombies (Ossuary)
  A dart slug (D:2)
  12 orcs
  2 bats
  8 endoplasms
  2 giant cockroaches
  5 goblins
  7 hobgoblins
  4 jackals
  A quokka (D:1)
  4 ball pythons
  2 frilled lizards
  3 goblin zombies (Ossuary)
  4 hobgoblin zombies (Ossuary)
  6 kobolds
  4 kobold zombies (Ossuary)
  An orc zombie (Ossuary)
  5 quokka zombies (Ossuary)
  5 rats
  3 rat zombies (Ossuary)
127 creatures vanquished.

Notes
Turn   | Place    | Note
-------+----------+-------------------------------------------
     0 | D:1      | qw the Gargoyle Fighter began the quest for the Orb.
     0 | D:1      | Reached XP level 1. HP: 14/14 MP: 1/1
     0 | D:1      | 0 ||| qw: Version: 0.3-a-9-g12657ce
     0 | D:1      | 0 ||| qw: Game counter: 1374
     0 | D:1      | 0 ||| qw: Always use a shield: true
     0 | D:1      | 0 ||| qw: God list: Okawaru
     0 | D:1      | 0 ||| qw: Allow faded altars: false
     0 | D:1      | 0 ||| qw: Do Orc after D:15 true
     0 | D:1      | 0 ||| qw: Do second Lair branch before Depths: true
     0 | D:1      | 0 ||| qw: Lair rune preference: random
     0 | D:1      | 0 ||| qw: Plans: Normal, Zot:1-4, Slime:5, God:TSO, Crypt,
                  | Tomb, Abyss, Pan, Hells, Win
     0 | D:1      | 0 ||| PLANNING D:1-11
    28 | D:1      | Reached skill level 2 in Axes
   179 | D:1      | Found a faded altar of an unknown god.
   323 | D:1      | Reached XP level 2. HP: 17/19 MP: 2/2
   733 | D:1      | 733 ||| READING scroll labelled IFAN MYMUCUYL.
   734 | D:1      | 734 ||| READING scroll labelled WIM AC ZANK.
   735 | D:1      | 735 ||| READING scroll labelled OXKELO RIUNKIM.
   736 | D:1      | 736 ||| READING 3 scrolls labelled NIUQYAKLUST.
   737 | D:1      | 737 ||| DROPPING 2 scrolls of fear.
   795 | D:2      | 795 ||| Stepping ~*~*~tactically~*~*~ (hiding).
   939 | D:2      | 939 ||| DROPPING +0 club.
   951 | D:2      | Reached skill level 3 in Axes
   995 | D:2      | Reached XP level 3. HP: 20/23 MP: 3/3
  1042 | D:2      | 1042 ||| Stepping ~*~*~tactically~*~*~ (stealth).
  1043 | D:2      | 1043 ||| Stepping ~*~*~tactically~*~*~ (stealth).
  1178 | D:2      | Noticed Natasha
  1179 | D:2      | 1179 ||| Stepping ~*~*~tactically~*~*~ (hiding).
  1186 | D:2      | Killed Natasha
  1187 | D:2      | Reached XP level 4. HP: 14/28 MP: 4/4
  1451 | D:2      | Reached skill level 4 in Axes
  1576 | D:2      | Noticed Natasha
  1577 | D:2      | 1577 ||| Stepping ~*~*~tactically~*~*~ (stealth).
  1584 | D:2      | Killed Natasha
  1751 | D:2      | Reached XP level 5. HP: 30/32 MP: 5/5
  1882 | D:2      | Noticed Natasha
  1890 | D:2      | Killed Natasha
  1948 | D:2      | 1948 ||| UPGRADING to +0 plate armour.
  1958 | D:2      | 1958 ||| DROPPING +0 scale mail.
  1959 | D:2      | 1959 ||| DROPPING scarf of shadows.
  1960 | D:2      | 1960 ||| DRINKING 3 fuming orange potions.
  2140 | D:3      | 2140 ||| Stepping ~*~*~tactically~*~*~ (stealth).
  2215 | D:3      | Noticed Jessica
  2220 | D:3      | Killed Jessica
  2221 | D:3      | Reached skill level 5 in Axes
  2268 | D:3      | 2268 ||| DROPPING +0 mace.
  2440 | D:3      | Found a burning altar of Makhleb.
  2440 | D:3      | Noticed a balrug
  2947 | D:3      | Found a runed translucent gate.
  2948 | D:3      | Found a runed translucent gate.
  2949 | D:3      | Found a runed translucent gate.
  2950 | D:3      | Noticed qw's ghost (amateur NaHu)
  2951 | D:3      | Noticed qw's ghost (amateur NaHu)
  2985 | D:3      | 2985 ||| UPGRADING to +1 pair of boots.
  2990 | D:3      | 2990 ||| READING 2 scrolls labelled NAPTIENUEP.
  2991 | D:3      | 2991 ||| READING scroll labelled USCHOU WYILU.
  2992 | D:3      | 2992 ||| READING scroll labelled HUFFOL BYOSHUO.
  2993 | D:3      | 2993 ||| DROPPING scroll of blinking.
  3071 | D:4      | Reached XP level 6. HP: 38/38 MP: 6/6
  3084 | D:4      | 3084 ||| Stepping ~*~*~tactically~*~*~ (stealth).
  3085 | D:4      | 3085 ||| Stepping ~*~*~tactically~*~*~ (stealth).
  3087 | D:4      | 3087 ||| Stepping ~*~*~tactically~*~*~ (stealth).
  3132 | D:4      | 3132 ||| FLEEEEING.
  3137 | D:4      | 3137 ||| FLEEEEING.
  3138 | D:4      | 3138 ||| FLEEEEING.
  3148 | D:4      | 3148 ||| FLEEEEING.
  3149 | D:4      | 3149 ||| FLEEEEING.
  3150 | D:4      | 3150 ||| STAIRDANCE
  3188 | D:3      | 3188 ||| READING scroll labelled GUKI WEPPUROU.
  3211 | D:4      | Found Anaysif's Lightly-Used Armoury.
  3218 | D:4      | 3218 ||| SHOPLISTING -1 pearl dragon scales (1330 gold,
                  | have 165).
  3218 | D:4      | 3218 ||| BUYING -2 eveningstar (70 gold).
  3218 | D:4      | Bought a -2 eveningstar for 70 gold pieces
  3218 | D:4      | 3218 ||| DROPPING +0 flail.
  3273 | D:4      | Reached skill level 6 in Axes
  3306 | D:4      | Found an iron altar of Okawaru.
  3307 | D:4      | 3307 ||| PLANNING OKAWARU WORSHIP
  3307 | D:4      | Found a sacrificial altar of Ru.
  3311 | D:4      | Found a radiant altar of Vehumet.
  3313 | D:4      | Became a worshipper of Warmaster Okawaru
  3314 | D:4      | 3314 ||| PLANNING D:1-11
  3354 | D:4      | 3354 ||| FLEEEEING.
  3501 | D:4      | Reached XP level 7. HP: 43/43 MP: 7/7
  3577 | D:4      | Noticed Ijyb
  3591 | D:4      | Killed Ijyb
  3710 | D:4      | 3710 ||| DROPPING scarf of invisibility.
  3726 | D:5      | Entered Level 5 of the Dungeon
  3738 | D:5      | Noticed Menkaure
  3747 | D:5      | Killed Menkaure
  3747 | D:5      | Reached * piety under Okawaru
  3817 | D:5      | Reached skill level 7 in Axes
  3842 | D:5      | Found Sotuoj's Tremendous Tomes.
  3856 | D:5      | Reached skill level 1 in Invocations
  3892 | D:5      | 3892 ||| Stepping ~*~*~tactically~*~*~ (stealth).
  3900 | D:5      | 3900 ||| Stepping ~*~*~tactically~*~*~ (hiding).
  3906 | D:5      | 3906 ||| DRINKING 3 potions of curing.
  3906 | D:5      | 3906 ||| (to cure confusion)
  3996 | D:5      | 3996 ||| INVOKING Heroism.
  4092 | D:5      | 4092 ||| INVOKING Heroism.
  4098 | D:5      | Reached XP level 8. HP: 23/49 MP: 6/9
  4442 | D:5      | 4442 ||| UPGRADING to +0 helmet.
  4447 | D:5      | 4447 ||| DRINKING 2 clear potions.
  4448 | D:5      | 4448 ||| READING 2 scrolls of identify.
  4448 | D:5      | 4448 ||| IDENTIFYING cyan potion
  4449 | D:5      | 4449 ||| DROPPING potion of brilliance.
  4472 | D:6      | Found a sand-covered staircase.
  4473 | D:6      | 4473 ||| PLANNING OSSUARY
  4473 | D:6      | 4473 ||| STAIRDANCE
  4482 | Ossuary  | Entered an ossuary
  4613 | Ossuary  | Reached skill level 1 in Dodging
  4848 | Ossuary  | Reached skill level 3 in Invocations
  4878 | Ossuary  | 4878 ||| FLEEEEING.
  4879 | Ossuary  | 4879 ||| FLEEEEING.
  4880 | Ossuary  | 4880 ||| FLEEEEING.
  4881 | Ossuary  | 4881 ||| FLEEEEING.
  4882 | Ossuary  | 4882 ||| FLEEEEING.
  4984 | Ossuary  | 4984 ||| READING scroll of enchant weapon.
  4984 | Ossuary  | 4984 ||| ENCHANTING +1 war axe.
  5030 | Ossuary  | 5030 ||| READING scroll labelled HAINKO SYCUA.
  5031 | Ossuary  | 5031 ||| READING 2 scrolls labelled RIPHUGE LOTAOR.
  5034 | Ossuary  | 5034 ||| READING scroll labelled CAFATO BIBIET.
  5035 | Ossuary  | 5035 ||| READING 6 scrolls of identify.
  5035 | Ossuary  | 5035 ||| IDENTIFYING inky potion
  5036 | Ossuary  | 5036 ||| READING 5 scrolls of identify.
  5036 | Ossuary  | 5036 ||| IDENTIFYING green potion
  5037 | Ossuary  | 5037 ||| READING 4 scrolls of identify.
  5037 | Ossuary  | 5037 ||| IDENTIFYING fizzy golden potion
  5038 | Ossuary  | 5038 ||| READING 3 scrolls of identify.
  5038 | Ossuary  | 5038 ||| IDENTIFYING smoky golden potion
  5039 | Ossuary  | 5039 ||| READING 2 scrolls of identify.
  5039 | Ossuary  | 5039 ||| IDENTIFYING orange potion
  5040 | Ossuary  | 5040 ||| DROPPING potion of berserk rage.
  5050 | D:6      | 5050 ||| PLANNING D:1-11
  5060 | D:6      | 5060 ||| Stepping ~*~*~tactically~*~*~ (stealth).
  5062 | D:6      | 5062 ||| INVOKING Heroism.
  5132 | D:6      | 5132 ||| INVOKING Heroism.
  5133 | D:6      | HP: 8/49 [gnoll sergeant/+0 spear (10)]
  5134 | D:6      | 5134 ||| READING scroll of teleportation.
  5134 | D:6      | Slain by a gnoll

Levels and vault maps discovered:
D:1:      minmay_arrival_four_circles, layout_loops_ring,
          ebering_ecumenical_altar_box, corexii_leaking_fountain
D:2:      layout_basic, uniq_natasha
D:3:      layout_basic, makhleb_altar_promises_db, gammafunk_ghost_cemetery,
          nicolae_hexahallways, uniq_jessica
D:4:      layout_rooms, minitemple, minmay_misc_feat_x, minmay_shop_damaged,
          chequers_serial_rivers_small_a, uniq_ijyb
D:5:      layout_loops_cross, nicolae_shop_i_like_big_books, uniq_menkaure
D:6:      layout_cave_pools, lemuel_coloured_pillars_altar,
          nicolae_overflow_hidden_temple, nicolae_ossuary_entry_ruins,
          serial_shops, nicolae_take_the_stairs, kennysheep_generic_room_12,
          uniq_eustachio, uniq_pikel, uniq_maggie

Skill      XL: |  1  2  3  4  5  6  7  8 |
---------------+-------------------------+-----
Axes           | 2 3 4 5 6 7 |  7.0
Fighting       | 4 5 |  5.2
Armour         | 4 5 |  5.0
Invocations    | 1 3 |  3.9
Dodging        | 1 |  1.0
Shields        | |  3.2

Action                     |  1- 3 |  4- 6 |  7- 9 || total
---------------------------+-------+-------+-------++-------
  Melee: War axe           |    96 |   141 |   205 ||   442
  Throw: Boomerang         |       |    11 |    16 ||    27
 Invoke: Heroism           |       |       |     4 ||     4
    Use: Scroll            |     4 |     4 |    11 ||    19
         Potion            |       |     1 |     2 ||     3
 Armour: Scale mail        |    49 |    22 |       ||    71
         Plate armour      |       |    52 |   131 ||   183
  Dodge: Dodged            |    35 |    33 |    51 ||   119
  Block: Buckler           |    19 |    18 |    28 ||    65

Table legend:
 A = Non-vault XP
 B = Vault XP
 C = Vault XP percentage of total XP
 D = Non-vault monster count
 E = Vault monster count
 F = Vault count percentage of total count
                 A         B        C        D         E       F
            +---------+---------+-------+---------+---------+-------
      Total |    1185 |     599 |  33.6 |      85 |      41 |  32.5
            +---------+---------+-------+---------+---------+-------
        D:1 |      22 |       0 |   0.0 |      15 |       0 |   0.0
        D:2 |     144 |      32 |  18.2 |      19 |       1 |   5.0
        D:3 |      40 |      37 |  48.1 |      14 |       1 |   6.7
        D:4 |     471 |      35 |   6.9 |      23 |       1 |   4.2
        D:5 |     360 |     165 |  31.4 |      11 |       1 |   8.3
        D:6 |     148 |       0 |   0.0 |       3 |       0 |   0.0
    Ossuary |       0 |     330 | 100.0 |       0 |      37 | 100.0
            +---------+---------+-------+---------+---------+-------
